 Dungeon Crawl Stone Soup version 0.31-a0-1496-g79c7dd0eeb (webtiles) character file.

Game seed: 16917192321032625449

56 Dirtsage the Changeling (level 3, -1/24 HPs)
             Began as an Octopode Shapeshifter on Dec 29, 2023.
             Succumbed to an orc wizard's poison
             ... on level 2 of the Dungeon.
             The game lasted 00:00:38 (251 turns).

Dirtsage the Changeling (Octopode Shapeshifter)      Turns: 251, Time: 00:00:38

Health: -1/24      AC:  1    Str: 13    XL:     3   Next: 97%
Magic:  3/3        EV: 18    Int: 12    God:
Gold:   11         SH:  0    Dex: 13    Spells: 2/2 levels left

rFire   . .          .
                       - Unarmed
rCold   . . .        (no shield)
rNeg    . . .        (helmet currently unavailable)
rPois   .            (no amulet)
rElec   .            f - +5 ring of evasion
rCorr   .            (no ring)
SInv    .            (no ring)
Will    .....        (no ring)
Stlth   ++           (no ring)
HPRegen 0.24/turn    (no ring)
MPRegen 0.08/turn    (no ring)
                     (no ring)

%: no passive effects
@: lethally poisoned (-1 -> -23), beast-form
A: beast (slay +2), almost no armour, amphibious, 8 rings, camouflage 1,
gelatinous body 1, (nimble swimmer 1), tentacles
a: Begin Untransformation


You were on level 2 of the Dungeon.
You were a hulking beast.
You visited 1 branch of the dungeon, and saw 2 of its levels.

You collected 11 gold pieces.

Inventory:

Jewellery
 f - a +5 ring of evasion (left tentacle)
Talismans
 b - a beast talisman
 c - a flux talisman
Scrolls
 d - a scroll of fog {unknown}
 e - a scroll of poison {unknown}


   Skills:
 + Level 1.7 Fighting
 + Level 2.5 Dodging
 + Level 3.4 Unarmed Combat
 * Level 3.6 Shapeshifting


You had 2 spell levels left.
You didn't know any spells.
Your spell library was empty.

Dungeon Overview and Level Annotations

Branches:
Dungeon (1/15)

Altars:


Innate Abilities, Weirdness & Mutations

You are a hulking beast.
Your limbs bulge with bestial killing power. (Slay +2)
You cannot wear most types of armour.
You are amphibious.
You can wear up to eight rings at the same time.
Your skin changes colour to match your surroundings (Stealth+).
Your rubbery body absorbs attacks. (AC +1, EV +1)
((You are camouflaged when in or above water. (Stealth+)))
You have tentacles for arms and can constrict up to eight enemies at once.


Message History

Something hits you but does no damage.
You are poisoned.
You hit something.
You feel very sick. Something hits you but does no damage.
You take 3 damage, and have 26/36 hp.
You closely miss something.
You feel sick. Something hits you but does no damage.
You take 1 damage, and have 25/36 hp.
You miss something.
You feel sick.
You hear some strange, mumbled words.
You are confused.
You take 1 damage, and have 24/36 hp.
You attack the rock wall.
You feel sick. Something hits you but does no damage.
You take 1 damage, and have 23/36 hp.
You attack the rock wall.
You feel sick. Something hits you but does no damage.
You are more poisoned.
You take 1 damage, and have 22/36 hp.
You completely miss something.
You feel sick. Something hits you but does no damage.
You take 2 damage, and have 20/36 hp.
You attack the rock wall.
You feel less wooden.
You turn into a hulking beast.
You feel sick. Something hits you.
You are lethally poisoned!
You now have 11/24 hp.
You're too confused to attack without stumbling around!
You're too confused to attack without stumbling around!
You're too confused to attack without stumbling around!
You aren't carrying any potions.
You aren't carrying any potions.
You barely miss something.
Your tentacle-slap misses something.
* * * LOW HITPOINT WARNING * * *
You feel very sick. Something hits you.
* * * LOW HITPOINT WARNING * * *
You are more poisoned.
You take 7 damage, and have 4/24 hp.
MASSIVE DAMAGE!!
You feel less confused.
You die...

#........#
###.###### #.#
#.#
####.#########.#
#...o.o##.....#
#.##.#{##.####.#
#.##.#.##.#
#.##...h..#
#.####.####
#.####.#
#......#
########


You could see an orc.

Vanquished Creatures
  An orc priest (D:2)
  An endoplasm (D:1)
  A hobgoblin (D:1)
  A kobold (D:1)
  2 rats (D:1)
6 creatures vanquished.

Vanquished Creatures (others)
  An orc wizard (D:2)
1 creature vanquished.

Grand Total: 7 creatures vanquished

Notes
Turn   | Place    | Note
-------+----------+-------------------------------------------
     0 | D:1      | Dirtsage the Octopode Shapeshifter began the quest for the
                  | Orb.
     0 | D:1      | Reached XP level 1. HP: 13/13 MP: 1/1
   184 | D:1      | You fall into a shaft and drop 1 floor!
   212 | D:2      | Noticed an orc priest
   213 | D:2      | Noticed an orc wizard
   213 | D:2      | Noticed an orc wizard
   230 | D:2      | Killed an orc priest
   231 | D:2      | Reached XP level 2. HP: 18/18 MP: 2/2
   231 | D:2      | Reached XP level 3. HP: 23/23 MP: 3/3
   251 | D:2      | Succumbed to an orc wizard's poison

Illustrated notes

Levels and vault maps discovered:
D:1:      roderic_crop_circles_arrival_small, layout_loops_cross,
          shapermc_ecumenical_altar_mp_highgroup, serial_forest,
          infiniplex_forest_zigzag_1, infiniplex_forest_lined_room_3,
          infiniplex_forest_clump_long, infiniplex_forest_clump_diagonal,
          infiniplex_forest_lined_room_2, infiniplex_forest_clump_cross,
          infiniplex_forest_zigzag_2, infiniplex_forest_lined_2,
          infiniplex_forest_straight_4, infiniplex_forest_lined_corner,
          st_stairs_6, feat_on_display
D:2:      layout_loops_cross, basic_altar

Action                     || total
---------------------------++-------
  Melee: Unarmed           ||    25
         Constrict         ||     1
         Tentacles         ||     1
    Use: Potion            ||     1
   Stab: Sleeping          ||     1
 Armour: Skin              ||    20
  Dodge: Dodged            ||     4

Table legend: (Time is in decaauts)
 A = Elapsed time spent in this place.
 B = Non-inter-level travel time spent in this place.
 C = Inter-level travel time spent in this place.
 D = Time resting spent in this place.
 E = Time spent auto-exploring this place.
 F = Levels seen in this place.
 G = Mean time per level.
                   A        B        C        D        E       F      G
               +--------+--------+--------+--------+--------+-----+--------+
         Total |    248 |    248 |      0 |      0 |    175 |   2 |  124.0 |
       Dungeon |    248 |    248 |      0 |      0 |    175 |   2 |  124.0 |
               +--------+--------+--------+--------+--------+-----+--------+

Top non-repeatable levels by time:
     D:1: 183 daAuts
     D:2: 65 daAuts
